AoeStats
← Cerrahpaşalı Metin

Black Forest

509696400Analyzed
3v3 RM · 5d ago on Sep 27, 2026· 29m 38s· 6 players
Game mode
Random Map
Map size
Normal (6 player)
Population
200
Speed
Normal
Resources
Standard
Victory
Conquest
Starting age
Dark Age
Ending age
Imperial Age
RankedLock teamsTeams togetherTeam positionsShared explorationLock speedFull tech treeHidden civsTurbo modeCheats
Victory
Defeat
🇹🇷 Goths · Türkiye
1018
+15
🇹🇷 Turks · Türkiye
975
+17
🇹🇷 Koreans · Türkiye
970
+17
🇹🇷 Hindustanis · Türkiye
999
-17
🇹🇷 Teutons · Türkiye
999
-17
🇹🇷 Turks · Türkiye
972
-15
Captain Tsubasa
13:06 Feudal Age
17:37 Castle Age
16:27 Double-Bit Axe
16:24 Horse Collar
17:38 Gold Mining
22:15 Imperial Age
26:45 Bow Saw
Hz.Night's King
11:50 Feudal Age
18:36 Castle Age
16:36 Double-Bit Axe
18:19 Stone Mining
26:26 Gold Mining
32:04 Imperial Age
30:02 Bow Saw
30:30 Gold Shaft Mining
Bossom the Great
0:32 Loom
11:17 Feudal Age
18:05 Castle Age
16:31 Double-Bit Axe
21:35 Horse Collar
25:23 Heavy Plow
26:36 Gold Mining
27:06 Bow Saw
26:46 Pikeman
27:27 Squires
28:26 Forging
28:40 Scale Mail Armor
29:32 Man-at-Arms
Cerrahpaşalı Metin
0:26 Loom
10:22 Feudal Age
10:58 Double-Bit Axe
12:54 Horse Collar
19:12 Castle Age
20:01 Wheelbarrow
19:12 Town Watch
20:29 Bow Saw
20:21 Heavy Plow
20:56 Gold Mining
21:11 Caravan
29:50 Imperial Age
28:33 Ballistics
28:24 Fortified Wall
28:09 Fletching
28:30 Forging
28:21 Padded Archer Armor
Cerrahpaşalı Halit
0:51 Loom
12:09 Feudal Age
20:27 Castle Age
23:04 Horse Collar
23:10 Double-Bit Axe
27:25 Fortified Wall
Oguzhan06
8:25 Loom
14:18 Feudal Age
14:54 Horse Collar
15:28 Double-Bit Axe
20:33 Castle Age
18:55 Stone Mining
19:23 Gold Mining
19:39 Fishing Lines
21:46 Bow Saw
22:27 Gold Shaft Mining
23:43 Gillnets
24:50 Heavy Plow
25:52 Loom
27:23 Wheelbarrow
Connection lost

Rejoining the realm…

Still unreachable

The connection could not be restored.

Session expired

The server has moved on; the page needs a fresh start.